 Dungeon Crawl Stone Soup version 0.31.0-32-g396128a36d (webtiles) character file.

Game seed: 6416068672870026008

926 TacoSundae the Shield-Bearer (level 8, 0/67 HPs)
             Began as a Gnoll Fighter on Apr 11, 2024.
             Slain by Menkaure (15 damage)
             ... on level 5 of the Dungeon on Apr 12, 2024.
             The game lasted 00:11:53 (5064 turns).

TacoSundae the Shield-Bearer (Gnoll Fighter)        Turns: 5064, Time: 00:11:54

Health: 0/67       AC:  9    Str: 17    XL:     8   Next: 10%
Magic:  12/12      EV: 10    Int:  7    God:
Gold:   269        SH:  6    Dex: 13    Spells: 13/13 levels left

rFire   . . .        a - +1 trident
rCold   . . .        c - +0 buckler
rNeg    . . .        q - +0 scale mail
rPois   .            (no helmet)
rElec   .            j - +0 cloak
rCorr   .            (no gloves)
SInv    .            (no boots)
Will    +....        (no amulet)
Stlth   +            s - ring of willpower
HPRegen 0.31/turn    (no ring)
MPRegen 0.13/turn

%: no passive effects
@: no status effects
A: fangs 1, strong nose, distributed training
a: no special abilities


You were on level 5 of the Dungeon.
You visited 1 branch of the dungeon, and saw 5 of its levels.

You collected 321 gold pieces.
You spent 52 gold pieces at shops.

Inventory:

Hand Weapons
 a - a +1 trident (weapon)
 b - a +0 short sword of venom
 u - a +0 dagger of electrocution
Armour
 c - a +0 buckler (worn)
 j - a +0 cloak (worn)
 q - a +0 scale mail (worn)
Jewellery
 m - a ring of ice
 s - a ring of willpower (left hand)
Talismans
 p - a serpent talisman
Wands
 w - a wand of polymorph (11)
Scrolls
 e - a scroll of teleportation
 i - a scroll of enchant weapon
 o - a scroll of poison
 t - a scroll of vulnerability
Potions
 d - 2 potions of might
 f - a potion of cancellation {unknown}
 g - 2 potions of attraction
 h - a potion of mutation
 k - a potion of brilliance
 l - a potion of enlightenment {unknown}
 n - 3 potions of berserk rage {unknown}
 r - a potion of lignification {unknown}


   Skills:
 + Level 7.3 Fighting
 + Level 3.1 Short Blades
 + Level 3.1 Long Blades
 + Level 3.1 Axes
 + Level 3.1 Maces & Flails
 + Level 5.5 Polearms
 + Level 3.1 Staves
 + Level 3.1 Ranged Weapons
 + Level 3.1 Throwing
 + Level 7.3 Armour
 + Level 3.1 Dodging
 + Level 3.1 Stealth
 + Level 7.3 Shields
 + Level 3.1 Unarmed Combat
 + Level 3.1 Spellcasting
 + Level 2.5 Conjurations
 + Level 2.5 Hexes
 + Level 2.5 Summonings
 + Level 2.5 Necromancy
 + Level 2.5 Translocations
 + Level 2.5 Fire Magic
 + Level 2.5 Ice Magic
 + Level 2.5 Air Magic
 + Level 2.5 Earth Magic
 + Level 2.5 Alchemy
 + Level 3.4 Invocations
 + Level 3.1 Evocations
 + Level 2.8 Shapeshifting


You had 13 spell levels left.
You didn't know any spells.
Your spell library contained the following spells:

 Spells                   Type           Power      Damage    Failure   Level
 Cigotuvi's Dreadful Rot  Necr/Alch/Air  8%         N/A       56%         2
 Ensorcelled Hibernation  Hex/Ice        8%         N/A       56%         2
 Passwall                 Erth           4%         N/A       80%         3
 Stone Arrow              Conj/Erth      8%         3d7       80%         3
 Swiftness                Air            4%         N/A       80%         3
 Animate Armour           Summ/Erth      8%         N/A       99%         4
 Dispel Undead            Necr           4%         3d7       99%         4
 Martyr's Knell           Necr/Summ      4%         N/A       99%         4
 Death Channel            Necr           2%         N/A       100%        6
 Lehudib's Crystal Spear  Conj/Erth      2%         10d2      100%        8


Dungeon Overview and Level Annotations

Branches:
Dungeon (5/15)
 Temple: D:4-7

Altars:
Dithmenos
Makhleb
Qazlal
Wu Jian

Shops:
D:4 ?

Annotations:
D:5 Menkaure


Innate Abilities, Weirdness & Mutations

You have very sharp teeth.
Your uncanny sense of smell can sniff out nearby items.
Your experience applies equally to all skills.


Message History

Found 15 gold pieces.
You reach to attack!
You puncture Menkaure!
Menkaure is moderately damaged.
You barely miss Menkaure.
Menkaure is moderately damaged.
You block Menkaure's attack.
You hit Menkaure.
Menkaure is heavily damaged.
Menkaure casts a spell.
Menkaure seems to speed up.
You hit Menkaure but do no damage.
Menkaure is heavily damaged.
Menkaure barely misses you.
You barely miss Menkaure.
Menkaure is heavily damaged.
Menkaure barely misses you.
You puncture Menkaure! Your bite misses Menkaure.
Menkaure is almost destroyed.
Menkaure murmurs in an indecipherable tongue.
Menkaure hits you.
You barely miss Menkaure.
Menkaure is almost destroyed.
Menkaure calls on the powers of darkness!
Your body is wracked with pain!
Menkaure hits you!
You are too injured to fight recklessly!
You are too injured to fight recklessly!
You are too injured to fight recklessly!
You hit Menkaure but do no damage. You bite Menkaure.
Menkaure is almost destroyed.
Menkaure gestures at you while chanting.
You resist with some effort.
You completely miss Menkaure.
Menkaure is almost destroyed.
Menkaure calls on the powers of darkness!
Your body is wracked with pain!
* * * LOW HITPOINT WARNING * * *
You hit Menkaure but do no damage.
Menkaure is almost destroyed.
Menkaure hits you!
You die...

#.# *,,,,,,* *,*
#.# *,,,*$#* *,*
#.##########*****.#
*,* #.†........#
*.# *,*
#.########.# *.#
*,* #.# #.# ##.##
*∆* #.##
#.#####...###.#
.#.###
#.....M.#.....#
###..#
#.#***#@..#****
.#.#.# #.# ##.##
#.##.# #.# #.#
#.##.# #.# #.#
.....#####.######.#
..................#
..<........########
.########.## .# #.#


You could see Menkaure (fast).

Vanquished Creatures
  Sigmund (D:5)
  Eustachio (D:5)
  A black bear (D:4)
  2 ogres
  A bombardier beetle (D:5)
  A hound (D:5)
  A jelly (D:4)
  Terence (D:2)
  Robin (D:2)
  4 gnolls (D:2)
  11 adders
  2 ufetubi (D:5)
  3 dart slugs
  An orc (D:4)
  4 ball pythons
  6 endoplasms
  5 giant cockroaches
  7 goblins
  12 hobgoblins
  3 jackals (D:1)
  3 quokkas
  6 bats
  A frilled lizard (D:2)
  13 kobolds
  5 rats
96 creatures vanquished.

Notes
Turn   | Place    | Note
-------+----------+-------------------------------------------
     0 | D:1      | TacoSundae the Gnoll Fighter began the quest for the Orb.
     0 | D:1      | Reached XP level 1. HP: 23/23 MP: 1/1
   298 | D:1      | Reached XP level 2. HP: 29/29 MP: 2/2
   581 | D:1      | You fall into a shaft and drop 1 floor!
   610 | D:2      | Found a shadowy altar of Dithmenos.
   644 | D:2      | Reached XP level 3. HP: 7/35 MP: 2/4
   780 | D:2      | Reached skill level 1 in Invocations
   787 | D:2      | Reached skill level 1 in Short Blades
   787 | D:2      | Reached skill level 1 in Long Blades
   787 | D:2      | Reached skill level 1 in Axes
   787 | D:2      | Reached skill level 1 in Maces & Flails
   787 | D:2      | Reached skill level 1 in Staves
   787 | D:2      | Reached skill level 1 in Ranged Weapons
   787 | D:2      | Reached skill level 1 in Throwing
   787 | D:2      | Reached skill level 1 in Dodging
   787 | D:2      | Reached skill level 1 in Stealth
   787 | D:2      | Reached skill level 1 in Unarmed Combat
   787 | D:2      | Reached skill level 1 in Spellcasting
   787 | D:2      | Reached skill level 1 in Evocations
   791 | D:2      | Reached skill level 1 in Shapeshifting
   791 | D:2      | Reached XP level 4. HP: 24/41 MP: 5/5
   838 | D:2      | Noticed Robin
   879 | D:2      | Killed Robin
   880 | D:2      | Reached skill level 1 in Conjurations
   880 | D:2      | Reached skill level 1 in Hexes
   880 | D:2      | Reached skill level 1 in Summonings
   880 | D:2      | Reached skill level 1 in Necromancy
   880 | D:2      | Reached skill level 1 in Translocations
   880 | D:2      | Reached skill level 1 in Fire Magic
   880 | D:2      | Reached skill level 1 in Ice Magic
   880 | D:2      | Reached skill level 1 in Air Magic
   880 | D:2      | Reached skill level 1 in Earth Magic
   880 | D:2      | Reached skill level 1 in Alchemy
   994 | D:2      | Noticed Terence
  1004 | D:2      | Killed Terence
  1005 | D:2      | Reached XP level 5. HP: 31/47 MP: 5/7
  2243 | D:3      | Found a shadowy altar of Dithmenos.
  2823 | D:3      | Found an ornate altar of the Wu Jian Council.
  3493 | D:4      | Found Baicw's Magic Scroll Emporium.
  3498 | D:4      | Bought a scroll of identify for 26 gold pieces
  3588 | D:4      | Bought a scroll of identify for 26 gold pieces
  3768 | D:4      | Found a stormy altar of Qazlal.
  3768 | D:4      | Found a burning altar of Makhleb.
  3827 | D:4      | Noticed an ogre
  3844 | D:4      | Killed an ogre
  3845 | D:4      | Reached skill level 5 in Polearms
  3845 | D:4      | Reached XP level 6. HP: 34/53 MP: 7/9
  4238 | D:5      | Entered Level 5 of the Dungeon
  4495 | D:5      | Noticed Sigmund
  4503 | D:5      | Noticed Eustachio
  4510 | D:5      | Killed Eustachio
  4511 | D:5      | Reached XP level 7. HP: 50/60 MP: 10/10
  4523 | D:5      | Killed Sigmund
  4693 | D:5      | Reached XP level 8. HP: 67/67 MP: 12/12
  5053 | D:5      | Noticed Menkaure
  5064 | D:5      | Slain by Menkaure

Illustrated notes

Levels and vault maps discovered:
D:1:      nagdon_arrival_double_spiral, layout_basic
D:2:      minmay_wonky_spiral, layout_loops_cross, basic_altar, uniq_robin,
          uniq_terence
D:3:      layout_basic, mainiacjoe_overflow_six_doors_small,
          nicolae_overflow_crystal_walls, serial_co_window_serial,
          co_window_of_opportunity_a, co_window_paths_b, co_window_cross_1,
          co_window_of_opportunity_a, co_window_corner_a, co_window_corner_b,
          co_window_corner_b, co_window_broadway_b, co_window_cross_4,
          co_window_broadway_b, co_window_paths_d
D:4:      layout_loops_cross, nicolae_overflow_two_pavilions, serial_shops,
          nicolae_shop_hallway_plus, minmay_misc_feat_columns
D:5:      layout_loops_ring, kennysheep_generic_room_7, uniq_menkaure,
          uniq_blork_the_orc, uniq_sigmund, uniq_duvessa, uniq_eustachio

Skill      XL: |  1  2  3  4  5  6  7 |
---------------+----------------------+-----
Invocations    | 1 2 3 |  3.4
Short Blades   | 1 2 3 |  3.1
Long Blades    | 1 2 3 |  3.1
Axes           | 1 2 3 |  3.1
Maces & Flails | 1 2 3 |  3.1
Staves         | 1 2 3 |  3.1
Ranged Weapons | 1 2 3 |  3.1
Throwing       | 1 2 3 |  3.1
Dodging        | 1 2 3 |  3.1
Stealth        | 1 2 3 |  3.1
Unarmed Combat | 1 2 3 |  3.1
Spellcasting   | 1 2 3 |  3.1
Evocations     | 1 2 3 |  3.1
Shapeshifting  | 1 2 |  2.8
Conjurations   | 1 2 |  2.5
Hexes          | 1 2 |  2.5
Summonings     | 1 2 |  2.5
Necromancy     | 1 2 |  2.5
Translocations | 1 2 |  2.5
Fire Magic     | 1 2 |  2.5
Ice Magic      | 1 2 |  2.5
Air Magic      | 1 2 |  2.5
Earth Magic    | 1 2 |  2.5
Alchemy        | 1 2 |  2.5
Polearms       | 5 |  5.5
Fighting       | 7 |  7.3
Armour         | 7 |  7.3
Shields        | 7 |  7.3

Action                     |  1- 3 |  4- 6 |  7- 9 || total
---------------------------+-------+-------+-------++-------
  Melee: Trident           |    81 |   192 |    76 ||   349
         Bite              |     5 |    18 |    11 ||    34
         Short sword       |       |    37 |       ||    37
  Throw: Throwing net      |       |     1 |       ||     1
    Use: Scroll            |       |     9 |     1 ||    10
         Potion            |       |     4 |       ||     4
   Stab: Held in net/web   |       |     1 |       ||     1
         Invisible         |       |     2 |       ||     2
 Armour: Scale mail        |    34 |   115 |    42 ||   191
  Dodge: Dodged            |    30 |    58 |    35 ||   123
  Block: Buckler           |    17 |    42 |    18 ||    77
